 Dungeon Crawl Stone Soup version 0.17-a0-1939-ga475588 (webtiles) character file.

61 tp1 the Conjurer (level 3, -5/19 HPs)
             Began as a Deep Elf Conjurer on Sept 29, 2015.
             Slain by a gnoll
             ... wielding a +0 flail of protection
              (7 damage)
             ... on level 2 of the Dungeon.
             The game lasted 00:06:16 (1157 turns).

tp1 the Conjurer (Deep Elf Conjurer)                Turns: 1157, Time: 00:06:16

Health: -5/19      AC:  2    Str:  5    XL:     3   Next: 83%
Magic:  1/9        EV: 13    Int: 20    God:
Gold:   86         SH:  0    Dex: 15    Spells: 1 memorised, 7 levels left

rFire  . . .     SeeInvis .     (no weapon)
rCold  . . .     Clarity  .     q - +0 robe
rNeg   . . .     SustAt   .     (no shield)
rPois  .         Gourm    .     (no helmet)
rElec  .         Spirit   .     (no cloak)
rCorr  .         Warding  .     (no gloves)
rMut   .         Stasis   .     (no boots)
MR     .....                    (no amulet)
Stlth  ++........               (no ring)
                                (no ring)

@: not resistant to hostile enchantments, unstealthy
A: no striking features
a: no special abilities


You were on level 2 of the Dungeon.
You were hungry.

You visited 1 branch of the dungeon, and saw 2 of its levels.

You collected 86 gold pieces.

Inventory:

Armour
 a - a +0 robe
 n - a +0 robe
 q - a +0 robe (worn)
Scrolls
 d - 2 scrolls of blinking {unknown}
 e - 3 scrolls of amnesia
 j - 2 scrolls of fog {unknown}
 k - a scroll of remove curse
 l - 3 scrolls of identify {unknown}
 m - a scroll of recharging {unknown}
 p - a scroll of enchant weapon {unknown}
Potions
 i - a potion of degeneration {unknown}
 o - a potion of curing {unknown}
Books
 b - a book of Conjurations

   Spells                             Type                      Level
   a - Magic Dart                     Conjuration                  1
   b - Searing Ray                    Conjuration                  2
   c - Dazzling Spray                 Conjuration/Hexes            3
   d - Fulminant Prism                Conjuration/Hexes            4
   e - Iskenderun's Mystic Blast      Conjuration                  4
   f - Iskenderun's Battlesphere      Conjuration/Charms           5
Comestibles
 c - 2 bread rations
 f - a fruit
 g - a beef jerky
 h - 3 meat rations


   Skills:
 - Level 2.5 Dodging
 - Level 2.5 Stealth
 - Level 3.0 Spellcasting
 + Level 5.9 Conjurations


You had 7 spell levels left.
You knew the following spells:

 Your Spells              Type           Power        Failure   Level  Hunger
a - Magic Dart            Conj           ####         1%          1    None


Dungeon Overview and Level Annotations

Branches:
Dungeon (2/15)

Altars:
Cheibriados
Dithmenos
Fedhas
Okawaru


Message History

The gnoll is lightly wounded.
Casting: Magic Dart
Confirm with . or Enter, or press ? or * to list all spells.
Aiming: Magic Dart
Press: ? - help, Shift-Dir - straight line, f/p - gnoll
Aim: a gnoll, wielding a flail of protection (lightly wounded)
The magic dart hits the gnoll.
The gnoll is heavily wounded.
The gnoll hits you with a flail of protection!
Ouch! That really hurt!
* * * LOW HITPOINT WARNING * * *
Casting: Magic Dart
Confirm with . or Enter, or press ? or * to list all spells.
Aiming: Magic Dart
Press: ? - help, Shift-Dir - straight line, f/p - gnoll
Aim: a gnoll, wielding a flail of protection (heavily wounded)
The magic dart hits the gnoll.
The gnoll is heavily wounded.
The gnoll hits you with a flail of protection!
You die...

#.#######.....##........#####
#.........#'#.##........# #
#########.#.#...........# #
#g#.#.......##### #
#.#.#.......# # #.#.#.......#
# #.#g#.......# #
#.#g##.....##########
#.#.@......>.........
#.################### #.#
#.......... #.# #..........
#.# ##.......... #.#
#......[.... #.# #...........
###'########.#.....####
######.†.........,#.###.###


You could see 2 gnolls.

Vanquished Creatures
  2 gnolls (D:2)
  2 adders (D:2)
  An ooze (D:1)
  A ball python (D:1)
  4 goblins
  3 hobgoblins (D:1)
  2 jackals (D:2)
  3 giant cockroaches
  2 kobolds
  3 rats
23 creatures vanquished.

Notes
Turn   | Place    | Note
--------------------------------------------------------------
     0 | D:1      | tp1 the Deep Elf Conjurer began the quest for the Orb.
     0 | D:1      | Reached XP level 1. HP: 10/10 MP: 6/6
   105 | D:1      | Reached XP level 2. HP: 15/15 MP: 6/8
   255 | D:1      | Reached skill level 5 in Conjurations
   486 | D:2      | Found a snail-covered altar of Cheibriados.
   489 | D:2      | Found a shadowy altar of Dithmenos.
   492 | D:2      | Found a blossoming altar of Fedhas.
   495 | D:2      | Found an iron altar of Okawaru.
   916 | D:2      | Found a faded altar to an unknown god.
   919 | D:2      | Reached XP level 3. HP: 19/19 MP: 7/9
  1157 | D:2      | Slain by a gnoll

Vault maps used:
D:1:      tarquinn_simple_flora_water_a
D:2:      grunt_temple_overflow_cloverleaf, ecumenical_altar_2, uniq_terence

Action                   || total
-------------------------++-------
 Cast: Magic Dart        ||    55
  Use: Scroll            ||     4
